 Dungeon Sprint DCSS version 0.18.1-6-gd335043 (webtiles) character file.

10900000 Groucho the Conqueror (level 27, -102/199 HPs)
             Began as a Gargoyle Wanderer on May 20, 2016.
             Was the Champion of Makhleb.
             Annihilated by a destroyer
             ... wielding a +9 great sword of slicing
              (132 damage)
             ... in the Dungeon (Sprint VIII: "Arena of Blood").
             The game lasted 00:03:33 (109 turns).

Groucho the Conqueror (Gargoyle Wanderer)            Turns: 109, Time: 00:03:33

Health: -102/199   AC: 25    Str: 20    XL:     27
Magic:  39/54      EV: 33    Int: 14    God:    Makhleb [******]
Gold:   0          SH:  0    Dex: 17    Spells: 0 memorised, 80 levels left

rFire  . . .     SeeInvis .     m - +∞ Axe of Woe
rCold  . . .     Gourm    .     d - +0 robe
rNeg   + . .     Faith    .     (shield currently unavailable)
rPois  ∞         Spirit   .     (no helmet)
rElec  +         Dismiss  .     (no cloak)
rCorr  .         Reflect  .     (no gloves)
SustAt .         Harm     .     (no boots)
MR     ++...     NoTele   +     (no amulet)
Stlth  +++++++++.               (no ring)
                                (no ring)

@: very resistant to hostile enchantments, incredibly stealthy
A: big wings, negative energy resistance 1, electricity resistance, unbreathing,
petrification resistance, rot immunity, AC +20
a: Fly, Minor Destruction, Lesser Servant of Makhleb, Major Destruction, Greater
Servant of Makhleb, Renounce Religion


You were in the Dungeon.
You worshipped Makhleb.
Makhleb was exalted by your worship.
You were not hungry.

You visited 1 branch

Inventory:

Hand Weapons
 a - a +2 spear
 e - a +0 dagger
 m - the +∞ Axe of Woe (weapon)
   (You found it in the Dungeon)
Armour
 d - a +0 robe (worn)
Scrolls
 l - a scroll of blinking
Potions
 c - a potion of lignification
 g - a potion of curing
 h - a potion of heal wounds
 i - a potion of haste
 j - 2 potions of magic
 k - a potion of berserk rage
Books
 b - the Almanac of Dark Rituals

   Spells                             Type                      Level
   a - Animate Skeleton               Necromancy                   1
   b - Regeneration                   Charms/Necromancy            3
Comestibles
 f - a bread ration


   Skills:
 O Level 27 Fighting
 O Level 27 Short Blades
 O Level 27 Axes
 O Level 27 Polearms
 O Level 27 Throwing
 O Level 27 Armour
 O Level 27 Dodging
 O Level 27 Stealth
 O Level 27 Unarmed Combat
 O Level 27 Spellcasting
   Level 4.8 Earth Magic
 O Level 27 Invocations
   Level 1.0 Evocations


You had 80 spell levels left.
You didn't know any spells.

Dungeon Overview and Level Annotations

Branches:
Dungeon (1/1)

Altars:
Makhleb


Innate Abilities, Weirdness & Mutations

You are resistant to torment.
Your stone body is resilient (AC +20).
You are immune to poison.
Your large and strong wings let you fly indefinitely.
You resist negative energy.
You are resistant to electric shocks.
You can survive without breathing.
You are immune to petrification.
You are immune to rotting.


Message History

You hear a shout! x2
The meat beast bites you.
* * * LOW HITPOINT WARNING * * *
The meat beast tramples you but does no damage.
The dread calls on the powers of darkness!
The eight-headed meat hydra convulses!
The scourge convulses!
The scourge hisses angrily.
Your body is wracked with pain!
* * * LOW HITPOINT WARNING * * *
The scourge convulses!
The scourge hisses angrily.
You hear a shout!
Something hits you but does no damage.
You hear a shout!
The tyrant casts a spell.
The tyrant seems to speed up.
You hear a shout!
The destroyer is engulfed in roaring flames.
The destroyer hits you with a +9 great sword of slicing!!!!
Ouch! That really hurt!
You die...

.. ..... #.
..S# #.. {..# .
.###.. z{.###..
...%W.###%S....
....%D_.Oo..
#...2)# #_.<)@#
#%..§V#
.L..%._§W§..
...%.%###†)....
.###.. ..%###..
#.. ...# . #.
...# .. .....


You could see a meat beast, a tyrant, an eight-headed meat hydra, a destroyer, 2
scourges, a sculptor of flesh, 2 dreads, a meat berserker (berserk) and a bag of
meat.

Vanquished Creatures
  5 hell beasts (D)
  7 greater mummies (D)
  A great orb of eyes (D)
  7 vampire knights (D)
  33 ogres (D)
  5 liches (D)
  A hydra (D)
  45 orcs (D)
  3 phantoms (D)
  8 hill giants (D)
  3 skeletal warriors (D)
  6 large abominations (D)
  2 small abominations (D)
  3 crawling corpses (D)
129 creatures vanquished.

Vanquished Creatures (others)
  4 hydras (D)
  4 orcs (D)
  A crawling corpse (D)
9 creatures vanquished.

Grand Total: 138 creatures vanquished

Notes
Turn   | Place    | Note
--------------------------------------------------------------
     0 | D        | Groucho the Gargoyle Wanderer began the quest for the Orb.
     0 | D        | Groucho set off with: a +2 spear, the Almanac of Dark Rituals, a potion of lignification, a +0 robe, a +0 dagger, a bread ration, a potion of curing, a potion of heal wounds, a potion of haste, 2 potions of magic, a potion of berserk rage, a scroll of blinking
     0 | D        | Reached XP level 1. HP: 12/12 MP: 2/2
     3 | D        | Noticed a bag of meat
     4 | D        | Noticed a bag of meat
     4 | D        | Became a worshipper of Makhleb the Destroyer
     6 | D        | Noticed a bag of meat
     8 | D        | Noticed a bag of meat
     9 | D        | Killed a bag of meat
     9 | D        | Reached skill level 15 in Fighting
     9 | D        | Reached skill level 15 in Armour
     9 | D        | Reached XP level 2. HP: 36/36 MP: 3/3
     9 | D        | Reached XP level 3. HP: 40/40 MP: 4/4
     9 | D        | Reached XP level 4. HP: 46/46 MP: 5/5
     9 | D        | Reached XP level 5. HP: 51/51 MP: 6/6
     9 | D        | Reached XP level 6. HP: 56/56 MP: 7/7
     9 | D        | Reached XP level 7. HP: 61/61 MP: 8/8
     9 | D        | Reached XP level 8. HP: 67/67 MP: 9/9
     9 | D        | Reached XP level 9. HP: 72/72 MP: 10/10
     9 | D        | Reached XP level 10. HP: 78/78 MP: 11/11
     9 | D        | Reached XP level 11. HP: 83/83 MP: 12/12
     9 | D        | Reached XP level 12. HP: 88/88 MP: 13/13
    10 | D        | Noticed a meat berserker
    10 | D        | Killed a bag of meat
    10 | D        | Reached * piety under Makhleb
    10 | D        | Reached skill level 15 in Axes
    10 | D        | Reached XP level 13. HP: 89/97 MP: 14/14
    10 | D        | Killed a meat berserker
    10 | D        | Gained mutation: Your large and strong wings let you fly indefinitely. [Gargoyle growth]
    10 | D        | Reached XP level 14. HP: 99/108 MP: 15/15
    11 | D        | Killed a bag of meat
    11 | D        | Reached ** piety under Makhleb
    11 | D        | Reached XP level 15. HP: 107/116 MP: 16/16
    12 | D        | Noticed a meat berserker
    13 | D        | Noticed a meat berserker
    13 | D        | Noticed a meat berserker
    13 | D        | Killed a meat berserker
    13 | D        | Reached *** piety under Makhleb
    13 | D        | Reached XP level 16. HP: 128/128 MP: 17/17
    14 | D        | Killed a meat berserker
    14 | D        | Reached XP level 17. HP: 136/136 MP: 18/18
    17 | D        | Killed a meat berserker
    17 | D        | Reached **** piety under Makhleb
    17 | D        | Reached skill level 27 in Fighting
    17 | D        | Reached skill level 27 in Armour
    18 | D        | Noticed a meat berserker
    19 | D        | Noticed a meat berserker
    20 | D        | Killed a meat berserker
    20 | D        | Reached XP level 18. HP: 110/145 MP: 19/19
    20 | D        | Reached skill level 27 in Axes
    23 | D        | Killed a meat berserker
    23 | D        | Reached ***** piety under Makhleb
    23 | D        | Reached skill level 27 in Dodging
    23 | D        | Reached XP level 19. HP: 115/151 MP: 19/28
    26 | D        | Noticed a meat berserker
    27 | D        | Noticed a destroyer
    29 | D        | Killed a destroyer
    30 | D        | Noticed a meat berserker
    30 | D        | Noticed an eight-headed meat hydra
    30 | D        | Killed a meat berserker
    30 | D        | Reached skill level 27 in Stealth
    30 | D        | Reached XP level 20. HP: 157/157 MP: 20/37
    30 | D        | Reached skill level 27 in Invocations
    30 | D        | Reached skill level 5 in Short Blades
    30 | D        | Reached skill level 5 in Polearms
    30 | D        | Reached skill level 5 in Throwing
    30 | D        | Reached skill level 5 in Spellcasting
    32 | D        | Noticed a large bag of meat
    32 | D        | Noticed a meat berserker
    32 | D        | Reached ****** piety under Makhleb
    34 | D        | Noticed an eight-headed meat hydra
    35 | D        | Reached skill level 10 in Unarmed Combat
    36 | D        | Noticed a large bag of meat
    36 | D        | Killed a meat berserker
    36 | D        | Reached skill level 10 in Throwing
    36 | D        | Reached skill level 10 in Spellcasting
    37 | D        | Reached skill level 10 in Short Blades
    37 | D        | Reached skill level 10 in Polearms
    37 | D        | Reached XP level 21. HP: 163/163 MP: 21/38
    38 | D        | Noticed a meat berserker
    38 | D        | Noticed a destroyer
    39 | D        | Noticed a meat berserker
    39 | D        | Killed a meat berserker
    40 | D        | Killed a meat berserker
    41 | D        | Killed a destroyer
    42 | D        | Killed a meat berserker
    42 | D        | Reached skill level 15 in Short Blades
    42 | D        | Reached skill level 15 in Polearms
    42 | D        | Reached skill level 15 in Throwing
    42 | D        | Reached skill level 15 in Spellcasting
    44 | D        | Noticed a meat berserker
    44 | D        | Noticed a destroyer
    45 | D        | Noticed a meat berserker
    45 | D        | Noticed an accursed
    45 | D        | Killed an eight-headed meat hydra
    45 | D        | Killed an eight-headed meat hydra
    46 | D        | Noticed a meat berserker
    46 | D        | Noticed an accursed
    46 | D        | Killed a destroyer
    46 | D        | Reached XP level 22. HP: 169/169 MP: 23/44
    48 | D        | Reached XP level 23. HP: 175/175 MP: 23/48
    53 | D        | Noticed a destroyer
    53 | D        | Noticed a tyrant
    54 | D        | Noticed an accursed
    54 | D        | Killed an accursed
    54 | D        | Reached skill level 27 in Unarmed Combat
    54 | D        | Reached XP level 24. HP: 181/181 MP: 25/52
    55 | D        | Noticed a destroyer
    55 | D        | Reached skill level 27 in Short Blades
    55 | D        | Reached skill level 27 in Polearms
    55 | D        | Reached skill level 27 in Throwing
    55 | D        | Reached skill level 27 in Spellcasting
    56 | D        | Reached XP level 25. HP: 187/187 MP: 25/54
    59 | D        | Reached XP level 26. HP: 193/193 MP: 26/54
    60 | D        | Noticed a tyrant
    60 | D        | Killed an accursed
    60 | D        | Killed a destroyer
    62 | D        | Killed a destroyer
    62 | D        | Reached XP level 27. HP: 187/199 MP: 27/54
    63 | D        | Killed a tyrant
    64 | D        | Killed a tyrant
    68 | D        | Noticed an accursed
    70 | D        | Killed an accursed
    72 | D        | Noticed a meat beast
    75 | D        | Noticed a tyrant
    75 | D        | Killed a meat beast
    76 | D        | Noticed a destroyer
    79 | D        | Noticed a destroyer
    79 | D        | Noticed an accursed
    82 | D        | Noticed a tyrant
    82 | D        | Killed a destroyer
    83 | D        | Killed an accursed
    84 | D        | Killed a tyrant
    85 | D        | Killed a tyrant
    86 | D        | Noticed a destroyer
    86 | D        | Noticed a meat beast
    86 | D        | Noticed an accursed
    88 | D        | Killed a destroyer
    90 | D        | Noticed a tyrant
    90 | D        | Killed a meat beast
    92 | D        | Noticed an accursed
    92 | D        | Killed a tyrant
    93 | D        | Killed an accursed
    95 | D        | Noticed a meat beast
    97 | D        | Killed a meat beast
    99 | D        | Noticed a meat beast
   100 | D        | Noticed a dread
   101 | D        | Killed an accursed
   102 | D        | Killed a meat beast
   102 | D        | Killed an accursed
   103 | D        | Noticed a meat beast
   107 | D        | Noticed a meat beast
   107 | D        | Killed a meat beast
   109 | D        | Noticed a tyrant
   109 | D        | Noticed a dread
   109 | D        | Annihilated by a destroyer

Skill      XL: |  1  2  3  4  5  6  7  8  9 10 11 12 13 14 15 16 17 18 19 20 21 22 23 24 |
---------------+-------------------------------------------------------------------------+-----
Fighting       | 15 17 20 21 24 25 27 | 27.0
Axes           | 13 15 17 18 21 22 26 27 | 27.0
Armour         | 15 17 20 21 24 25 27 | 27.0
Dodging        | 12 14 16 17 19 21 24 27 | 27.0
Stealth        | 13 27 | 27.0
Invocations    | 12 26 27 | 27.0
Short Blades   | 10 18 21 25 27 | 27.0
Polearms       | 10 18 21 25 27 | 27.0
Throwing       | 10 18 21 25 27 | 27.0
Unarmed Combat | 11 19 22 27 | 27.0
Spellcasting   | 10 18 21 25 27 | 27.0
Earth Magic    | |  4.8
Evocations     | |  1.0

Action                   |  1- 3 |  4- 6 |  7- 9 | 10-12 | 13-15 | 16-18 | 19-21 | 22-24 | 25-27 || total
-------------------------+-------+-------+-------+-------+-------+-------+-------+-------+-------++-------
Melee: Executioner's axe |     1 |       |       |     1 |     3 |     4 |    15 |     9 |    44 ||    77
Armor: Robe              |       |       |       |       |       |       |       |       |    11 ||    11
Dodge: Dodged            |       |       |       |       |     1 |       |       |       |     7 ||     8
